 Dungeon Crawl Stone Soup version 0.27-a0-1139-g28e009f8a6 (webtiles) character file.

Game seed: 8605651715349686004

132 DarkShadow the Covered (level 4, -1/41 HPs)
             Began as a Minotaur Fighter on May 7, 2021.
             Killed by divine providence
             ... invoked by an orc priest
              (17 damage)
             ... on level 3 of the Dungeon.
             The game lasted 00:03:40 (2709 turns).

DarkShadow the Covered (Minotaur Fighter)           Turns: 2709, Time: 00:03:40

Health: -1/41      AC:  8    Str: 22    XL:     4   Next: 92%
Magic:  3/3        EV:  7    Int:  5    God:
Gold:   85         SH: 10    Dex:  9    Spells: 3/3 levels left

rFire    . . .     SeeInvis .   a - +0 long sword
rCold    . . .     Faith    .   c - +1 kite shield
rNeg     . . .     Spirit   .   b - +0 scale mail
rPois    .         Reflect  .   (helmet restricted)
rElec    .         Harm     .   h - +0 cloak
rCorr    .         Rampage  .   (no gloves)
Will     .....                  (no boots)
Stlth    ..........             (no amulet)
HPRegen  0.13/turn              (no ring)
MPRegen  0.08/turn              (no ring)

@: no status effects
A: horns 2, retaliatory headbutt
a: no special abilities


You were on level 3 of the Dungeon.
You visited 1 branch of the dungeon, and saw 3 of its levels.

You collected 85 gold pieces.

Inventory:

Hand Weapons
 a - a +0 long sword (weapon)
Armour
 b - a +0 scale mail (worn)
 c - a +1 kite shield (worn)
 h - a +0 cloak (worn)
Jewellery
 g - an amulet of regeneration
Scrolls
 k - a scroll of noise {unknown}
Potions
 d - a potion of might
 e - 4 potions of lignification {unknown}
 f - a potion of heal wounds
 i - a potion of curing {unknown}
 j - a potion of resistance {unknown}


   Skills:
 + Level 4.4 Fighting
 + Level 4.3 Long Blades
 + Level 4.5 Armour
 + Level 4.4 Shields


You had 3 spell levels left.
You didn't know any spells.
Your spell library contained the following spells:

 Spells                   Type           Power      Damage    Failure   Level
 Summon Small Mammal      Summ           0%         N/A       99%         1
 Call Imp                 Summ           0%         N/A       100%        2
 Call Canine Familiar     Summ           0%         N/A       100%        3
 Summon Guardian Golem    Hex/Summ       0%         N/A       100%        3
 Summon Ice Beast         Ice/Summ       0%         N/A       100%        4
 Summon Lightning Spire   Summ/Air       0%         N/A       100%        4


Dungeon Overview and Level Annotations

Branches:
Dungeon (3/15)

Altars:


Innate Abilities, Weirdness & Mutations

You have a pair of horns on your head.
You reflexively headbutt those who attack you in melee.


Message History

No target in view!
A kobold is nearby!
The kobold barely misses you.
You hit the kobold. Your headbutt misses the kobold.
The kobold is moderately wounded.
The kobold closely misses you.
You riposte.
You closely miss the kobold.
The kobold is moderately wounded.
You block the kobold's attack.
You hit the kobold but do no damage.
The kobold is moderately wounded.
The kobold hits you with a +0 short sword of holy wrath.
Your shield prevents you from hitting the kobold.
The kobold is moderately wounded.
The kobold hits you with a +0 short sword of holy wrath.
You block the kobold's attack.
You barely miss the kobold.
The kobold is moderately wounded.
The kobold barely misses you.
You closely miss the kobold. You headbutt the kobold.
You kill the kobold!
No target in view!
No target in view!
No target in view!
No target in view!
An orc priest comes into view. It is wielding a +0 whip.
The orc priest shouts!
An orc priest comes into view. It is wielding a +0 hand axe.
An orc comes into view. It is wielding a +0 war axe.
An orc priest comes into view. It is wielding a +0 mace.
You see here a +0 short sword of holy wrath.
The orc priest shouts!
The orc priest invokes the aid of Beogh against you.
Beogh smites you!
You hear a shout!
An orc comes into view. It is wielding a +0 club.
The orc priest calls down the wrath of Beogh upon you.
Beogh smites you!
The orc priest invokes the aid of Beogh against you.
Beogh smites you!
You die...

# ..#.. ..#.....#
#.# ####
#.####..#.###.###.#
.....
#....#..#.........#
#####
##..#.#..#.###.#####
.....#..#.# #.#
#....#..#.###.# .
#.#..#..#.....#
oooo##.#..#..#.#####
...oo..)..@..#.#
###....##...##.#
#.... ##.....# #....
#.†##.# #....
##.##.# #.... #..#.#
#.### ##.#.# #. ...#
#..#


You could see 2 orc priests and an orc.

Vanquished Creatures
  An orc priest (D:2)
  4 adders (D:2)
  A worm (D:2)
  2 dart slugs
  8 orcs
  5 endoplasms
  2 giant cockroaches
  A hobgoblin (D:1)
  2 quokkas (D:1)
  4 ball pythons (D:1)
  7 bats
  3 frilled lizards
  4 goblins (D:1)
  7 kobolds
  5 rats
56 creatures vanquished.

Notes
Turn   | Place    | Note
-------+----------+-------------------------------------------
     0 | D:1      | DarkShadow the Minotaur Fighter began the quest for the
                  | Orb.
     0 | D:1      | Reached XP level 1. HP: 19/19 MP: 0/0
    96 | D:1      | Found a faded altar of an unknown god.
   454 | D:1      | Reached XP level 2. HP: 27/27 MP: 1/1
   922 | D:2      | Reached XP level 3. HP: 25/33 MP: 2/2
  1517 | D:2      | Reached XP level 4. HP: 40/40 MP: 3/3
  2709 | D:3      | Killed from afar by an orc priest

Illustrated notes

Levels and vault maps discovered:
D:1:      shiori_arrival_maze, layout_basic,
          shapermc_ecumenical_altar_totnotflames, kennysheep_nondescript,
          hangedman_abyss_or_decor_lesser_grid, st_stairs_11
D:2:      layout_loops_cross, kennysheep_generic_room_14
D:3:      layout_basic, led_sif_book

Skill      XL: |  1  2  3  4 |
---------------+-------------+-----
Fighting       | 4 |  4.4
Shields        | 4 |  4.4
Long Blades    | 3 4 |  4.3
Armour         | 4 |  4.5

Action                   |  1- 3 |  4- 6 || total
-------------------------+-------+-------++-------
Melee: Long sword        |    70 |    51 ||   121
       Headbutt          |    12 |     5 ||    17
  Use: Scroll            |       |     2 ||     2
Armor: Scale mail        |    39 |    31 ||    70
Dodge: Dodged            |    23 |    18 ||    41
Block: Kite shield       |    31 |    39 ||    70
       Rpst.: Long sword |     9 |     5 ||    14

Table legend: (Time is in decaauts)
 A = Elapsed time spent in this place.
 B = Non-inter-level travel time spent in this place.
 C = Inter-level travel time spent in this place.
 D = Time resting spent in this place.
 E = Time spent auto-exploring this place.
 F = Levels seen in this place.
 G = Mean time per level.
                   A        B        C        D        E       F      G
               +--------+--------+--------+--------+--------+-----+--------+
         Total |   2766 |   2685 |     81 |    605 |   1675 |   3 |  922.0 |
       Dungeon |   2766 |   2685 |     81 |    605 |   1675 |   3 |  922.0 |
               +--------+--------+--------+--------+--------+-----+--------+

Top non-repeatable levels by time:
     D:2: 1431 daAuts
     D:1: 898 daAuts
     D:3: 436 daAuts
